 Dungeon Crawl Stone Soup version 0.21-a0-642-g5d013b2151 (webtiles) character file.

0 Manul the Ducker (level 1, -1/11 HPs)
             Began as a Spriggan Abyssal Knight on Dec 31, 2017.
             Was a Follower of Lugonu.
             Slain by an ancient zyme (2 damage)
             ... on level 3 of the Abyss.
             The game lasted 00:01:05 (268 turns).

Manul the Ducker (Spriggan Abyssal Knight)           Turns: 268, Time: 00:01:05

Health: -1/11      AC:  2    Str:  8    XL:     1   Next: 0%
Magic:  3/3        EV: 18    Int: 13    God:    Lugonu [*.....]
Gold:   71         SH:  0    Dex: 15    Spells: 0/0 levels left

rFire    . . .     SeeInvis +   a - +1 short sword
rCold    . . .     Gourm    .   (shield restricted)
rNeg     . . .     Faith    .   b - +0 robe
rPois    .         Spirit   .   (helmet restricted)
rElec    .         Reflect  .   (no cloak)
rCorr    .         Harm     .   (gloves unavailable)
MR       .....                  (boots unavailable)
Stlth    +.........             (no amulet)
HPRegen  0.00/turn              (no ring)
MPRegen  0.08/turn              (no ring)

@: non-regenerating, mildly diseased, very quick
A: very small, unfitting armour, see invisible, herbivore, speed 3, slow
metabolism 2
a: Depart the Abyss, Renounce Religion


You were on level 3 of the Abyss.
You worshipped Lugonu.
Lugonu was aware of your devotion.
You were not hungry.

You visited 0 branches of the dungeon, and saw 0 of its levels.
You visited the Abyss 1 time.

You collected 71 gold pieces.

Inventory:

Hand Weapons
 a - a +1 short sword (weapon)
 e - a +0 rapier
Armour
 b - a +0 robe (worn)
Jewellery
 g - an uncursed amulet of guardian spirit {unknown}
Scrolls
 d - a scroll of magic mapping {unknown}
 f - 2 scrolls of teleportation
Comestibles
 c - 2 rations


   Skills:
 + Level 2.4 Fighting
 + Level 2.1 Short Blades
 + Level 3.5 Dodging
 + Level 1.7 Invocations


You couldn't memorise any spells.
You didn't know any spells.

Dungeon Overview and Level Annotations

Branches:
Dungeon (0/15)

Altars:


Innate Abilities, Weirdness & Mutations

You are very small and have problems with some larger weapons.
You are too small for most types of armour.
You have supernaturally acute eyesight. (SInv)
You are a herbivore.
You cover ground extremely quickly.
You need consume almost no food.


Message History

The hungry ghost moves out of view.
Found a scroll of remove curse.
A large abomination comes into view.
Found a battleaxe.
An ancient zyme comes into view.
You feel yourself growing ill in the presence of the ancient zyme.
Found 48 gold pieces.
You feel ill.
Found 38 gold pieces. 2 thrashing horrors come into view.
Found a ration.
A thrashing horror comes into view.
The thrashing horror roars! x2
The thrashing horror tramples you!
Ouch! That really hurt!
* * * LOW HITPOINT WARNING * * *
You stumble backwards!
The thrashing horror roars!
The ancient zyme hits you.
You die...

.## ##..##. ##..# .
..................
...................
.##..##..##..##..#
#..##..##.$##..# .
................ .
...................
.##..##.x##..##..#
#..##@X##..##. ##.
........X...........
....................
.##..##..##..##..##.
#.. #..##.X# ..# ...
.......... .. ...
......$..... ...
.##..##..##..##..##.
.. #.. #..# .ยง


You could see an ancient zyme and 3 thrashing horrors.

Vanquished Creatures (others)
  4 starspawn tentacles (Abyss:3)
4 creatures vanquished.

Notes
Turn   | Place    | Note
-------+----------+-------------------------------------------
     0 | Abyss:1  | Manul the Spriggan Abyssal Knight began the quest for the Orb.
     0 | Abyss:1  | Reached XP level 1. HP: 11/11 MP: 3/3
    10 | Abyss:1  | Found a corrupted altar of Lugonu.
   139 | Abyss:3  | Noticed a raiju
   139 | Abyss:3  | Noticed a raiju
   142 | Abyss:3  | Found an opulent altar of Gozag.
   168 | Abyss:3  | Noticed a tentacled starspawn
   171 | Abyss:3  | Noticed a wretched star
   176 | Abyss:3  | Noticed a chaos spawn
   181 | Abyss:3  | Noticed an ancient zyme
   183 | Abyss:3  | Noticed a shock serpent zombie
   187 | Abyss:3  | Noticed a sun demon
   188 | Abyss:3  | Noticed a shadow
   208 | Abyss:3  | Noticed a rust devil
   238 | Abyss:3  | Noticed a hungry ghost
   242 | Abyss:3  | Noticed a large abomination
   244 | Abyss:3  | Noticed an ancient zyme
   264 | Abyss:3  | Noticed a thrashing horror
   264 | Abyss:3  | Noticed a thrashing horror
   265 | Abyss:3  | Noticed a thrashing horror
   268 | Abyss:3  | Slain by an ancient zyme

Vault maps used:
Abyss:3:  evilmike_abyss_rune_tso_outpost

Action                   || total
-------------------------++-------
  Use: Scroll            ||     2
Armor: Robe              ||     1
Dodge: Dodged            ||     4

Table legend:
 A = Spawn XP
 B = Non-spawn XP
 C = Spawn XP percentage of total XP
 D = Spawn monster count
 E = Non-spawn monster count
 F = Spawn count percentage of total count
 G = Total turns spent on level
                    A         B        C        D         E        F      G
               +---------+---------+-------+---------+---------+-------+---------
         Total |       0 |       0 |   N/A |       0 |       0 |   N/A |   268
               +---------+---------+-------+---------+---------+-------+---------
               +---------+---------+-------+---------+---------+-------+---------
